 Dungeon Crawl Stone Soup version 0.18-a0-1041-gbe91bf5 (webtiles) character file.

42 Duffy the Insei (level 3, 0/18 HPs)
             Began as a Vine Stalker Transmuter on Jan 10, 2016.
             Was a Follower of Ashenzari.
             Succumbed to an adder's poison
             ... on level 2 of the Dungeon.
             The game lasted 00:00:56 (809 turns).

Duffy the Insei (Vine Stalker Transmuter)            Turns: 809, Time: 00:00:56

Health: 0/18       AC:  5    Str: 12    XL:     3   Next: 54%
Magic:  0/8        EV: 12    Int: 16    God:    Ashenzari [*.....]
Gold:   75         SH:  0    Dex: 14    Spells: 1 memorised, 6 levels left

rFire  . . .     SeeInvis .       - Unarmed
rCold  . . .     Gourm    .     b - +0 robe
rNeg   . . .     Faith    .     (no shield)
rPois  .         Spirit   +     (no helmet)
rElec  .         Dismiss  .     (no cloak)
rCorr  .         Reflect  .     g - +1 pair of gloves
SustAt .         Harm     .     j - +0 pair of boots (curse)
MR     .....                    (no amulet)
Stlth  +.........               (no ring)
                                o - +2 ring of intelligence

@: lethally poisoned (0 -> -2), not resistant to hostile enchantments, very
unstealthy
A: fangs 2, regeneration 1, magic shield, antimagic bite, no device heal 3, rot
immunity
a: Scrying, Renounce Religion


You were on level 2 of the Dungeon.
You worshipped Ashenzari.
Ashenzari was aware of your devotion.
You were not hungry.

You visited 1 branch of the dungeon, and saw 2 of its levels.

You collected 75 gold pieces.


Innate Abilities, Weirdness & Mutations

You have extremely sharp teeth.
Your natural rate of healing is unusually fast.
When hurt, damage is shared between your health and your magic reserves.
Your bite disrupts and absorbs the magic of your enemies.
Potions and wands cannot restore your health.
You are immune to rotting.


   Skills:
 + Level 1.6 Fighting
 - Level 1.5 Dodging
 * Level 3.6 Unarmed Combat
 + Level 2.7 Spellcasting
 - Level 2.0 Transmutations


You had 6 spell levels left.
You knew the following spells:

 Your Spells              Type           Power        Failure   Level  Hunger
a - Beastly Appendage     Trmt           #.....       10%         1    #......

Inventory:

Missiles
 a - 12 arrows
 h - 20 poisoned needles
Armour
 b - a +0 robe (worn)
 g - a +1 pair of gloves (worn)
 j - a cursed +0 pair of boots (worn)
Jewellery
 o - a +2 ring of intelligence (left hand)
 r - an uncursed ring of ice
Scrolls
 i - a scroll of identify {unknown}
Potions
 e - 2 potions of curing {unknown}
 k - a potion of lignification {unknown}
 n - a potion of might {unknown}
 p - a potion of invisibility {unknown}
 q - a potion of haste {unknown}
Books
 c - a book of Changes
Comestibles
 d - 3 bread rations
 f - a beef jerky
 l - a royal jelly
 m - 2 meat rations

Dungeon Overview and Level Annotations

Branches:
Dungeon (2/15)

Altars:
Ashenzari


Message History

The adder poisons you!
You feel sick. The adder misses you. The adder closely misses you.
A bat comes into view.
The adder barely misses you. The adder closely misses you.
You feel sick. The bat hits you but does no damage. The adder misses you.
The bat hits you but does no damage. The adder barely misses you.
The bat hits you but does no damage. The adder misses you.
The bat barely misses you. The adder barely misses you.
The adder closely misses you.
You feel sick. The bat hits you but does no damage. The bat closely misses you.
The adder barely misses you. The bat hits you but does no damage.
The adder barely misses you. The bat misses you. The adder bites you.
You are more poisoned.
The adder poisons you! The adder misses you.
You feel sick. The bat misses you. The bat closely misses you.
The adder closely misses you. The bat misses you.
The adder bites you but does no damage.
You feel sick. The adder barely misses you. The adder misses you.
The adder closely misses you.
You feel sick. The adder barely misses you. The adder closely misses you.
You feel sick. The adder barely misses you. The adder bites you.
The adder bites you but does no damage.
You feel sick. The adder bites you. The adder closely misses you.
The adder bites you but does no damage. The adder bites you.
The adder bites you but does no damage.
You feel sick. The adder bites you. x2
You are lethally poisoned!
The adder poisons you! The adder misses you.
You feel sick. The adder bites you.
You die...

##....#.##....##
#......%#.#.....
#.#...####.#.###
######.##### ###.#
#.......# ##.###
#...8...## ##.....
##..8.8...# ##.....#
#..8._.8..# ##.......
#...8@8...####.......)
.......8Sb.....+........
####........####.......(
###......# ##.......
#..###%# ##.....# #..#
#.# ##...## #..# #.#
##+## #... ..# #. ..#


You could see an adder and a bat.

Action                   || total
-------------------------++-------
Melee: Unarmed           ||    62

Notes
Turn   | Place    | Note
--------------------------------------------------------------
     0 | D:1      | Duffy the Vine Stalker Transmuter began the quest for the Orb.
     0 | D:1      | Reached XP level 1. HP: 9/9 MP: 4/4
    33 | D:1      | Reached skill level 1 in Fighting
    84 | D:1      | Reached XP level 2. HP: 12/14 MP: 4/6
   486 | D:2      | Reached XP level 3. HP: 16/18 MP: 6/8
   754 | D:2      | Found a faded altar to an unknown god.
   773 | D:2      | Became a worshipper of Ashenzari the Shackled
   773 | D:2      | Reached * piety under Ashenzari
   809 | D:2      | Succumbed to an adder's poison

Vault maps used:
D:1:      lightli_arrival_windingriver, serial_curves, eino_curves_03,
          eino_curves_02
D:2:      ecumenical_altar_2, first_bread

Vanquished Creatures
  2 adders
  An ooze
  4 goblins
  A hobgoblin
  2 jackals
  A kobold
  A quokka
  A ball python
  2 bats
  5 rats
20 creatures vanquished.
